 Dungeon Crawl Stone Soup version 0.28-a0-751-gef3a642a4e (webtiles) character file.

Game seed: 11609799164562030704

4443 Astera the Summoner (level 10, -5/70 HPs)
             Began as a Barachi Summoner on Oct 30, 2021.
             Was a Believer of Yredelemnul.
             Slain by a large slime creature (13 damage)
             ... on level 8 of the Dungeon on Oct 31, 2021.
             The game lasted 00:58:09 (11403 turns).

Astera the Summoner (Barachi Summoner)             Turns: 11403, Time: 00:58:10

Health: -5/70      AC: 11    Str: 10    XL:     10   Next: 37%
Magic:  17/22      EV: 13    Int: 23    God:    Yredelemnul [**....]
Gold:   402        SH:  0    Dex: 14    Spells: 20/26 levels left

rFire   . . .      SeeInvis .   e - +2 dagger (venom)
rCold   + . .      Faith    .   (no shield)
rNeg    . . .      Spirit   .   d - +0 leather armour
rPois   .          Reflect  .   L - +2 hat
rElec   .          Harm     .   w - +2 cloak
rCorr   .          Rampage  .   r - +0 pair of gloves
Will    .....                   p - +0 pair of boots
Stlth   ++........              a - amulet of the acrobat
HPRegen 0.21/turn               K - +6 ring of intelligence
MPRegen 0.18/turn               o - ring of protection from cold

@: slow
A: amphibious, slowness 1, strong legs 1, +LOS
a: Hop, Renounce Religion, Animate Remains, Recall Undead Slaves, Injury Mirror


You were on level 8 of the Dungeon.
You worshipped Yredelemnul.
Yredelemnul was pleased with you.
You visited 1 branch of the dungeon, and saw 8 of its levels.

You collected 402 gold pieces.

Inventory:

Hand Weapons
 e - a +2 dagger of venom (weapon)
 G - a +4 spear of freezing
Missiles
 j - 5 poisoned darts
 F - 3 datura-tipped darts
Armour
 d - a +0 leather armour (worn)
 p - a +0 pair of boots (worn)
 r - a +0 pair of gloves (worn)
 w - a +2 cloak (worn)
 L - a +2 hat (worn)
Jewellery
 a - an amulet of the acrobat (around neck)
 l - an amulet of faith
 m - a ring of resist corrosion
 o - a ring of protection from cold (right hand)
 s - a +4 ring of evasion
 B - a +6 ring of strength
 H - a +4 ring of evasion
 J - an amulet of guardian spirit
 K - a +6 ring of intelligence (left hand)
Wands
 t - a wand of flame (21)
 z - a wand of iceblast (39)
 I - a wand of charming (6)
Scrolls
 b - 2 scrolls of amnesia
 c - a scroll of identify
 f - 3 scrolls of teleportation
 h - 2 scrolls of enchant armour {unknown}
 k - 2 scrolls of immolation {unknown}
 n - a scroll of silence {unknown}
 q - 2 scrolls of fear {unknown}
 v - a scroll of torment {unknown}
 y - 2 scrolls of vulnerability {unknown}
 A - a scroll of fog {unknown}
 C - a scroll of magic mapping {unknown}
Potions
 g - 3 potions of berserk rage
 i - 4 potions of curing
 u - 2 potions of lignification
 x - a potion of haste {unknown}
 D - a potion of degeneration {unknown}
 E - a potion of attraction {unknown}


   Skills:
 + Level 3.6 Fighting
 + Level 5.3 Armour
 + Level 5.5 Dodging
 + Level 4.2 Stealth
 + Level 8.8 Spellcasting
 + Level 10.6 Summonings
 + Level 3.5 Invocations


You had 20 spell levels left.
You knew the following spells:

 Your Spells              Type           Power      Damage    Failure   Level
a - Summon Small Mammal   Summ           100%       N/A       1%          1
b - Call Imp              Summ           56%        N/A       1%          2
c - Call Canine Familiar  Summ           56%        N/A       1%          3

Your spell library contained the following spells:

 Spells                   Type           Power      Damage    Failure   Level
 Summon Guardian Golem    Hex/Summ       34%        N/A       2%          3
 Beastly Appendage        Tmut           20%        N/A       9%          1
 Slow                     Hex            40%        N/A       9%          1
 Summon Lightning Spire   Summ/Air       34%        N/A       10%         4
 Ensorcelled Hibernation  Hex/Ice        20%        N/A       13%         2
 Wereblood                Tmut           10%        N/A       13%         2
 Confusing Touch          Hex            10%        N/A       26%         3
 Spider Form              Tmut/Pois      5%         N/A       26%         3
 Vampiric Draining        Necr           5%         2d6       26%         3


Dungeon Overview and Level Annotations

Branches:
Dungeon (8/15)             Temple (0/1) D:4
   Lair: D:8-11

Altars:
Dithmenos
Kikubaaqudgha
Makhleb
Vehumet
Xom
Yredelemnul

Annotations:
D:4 2 transporters, Sikaos's ghost, weakling OgHu
D:7 3 runed translucent doors, 1 exclusion, Ijustatesigmund's ghost, novice GnDe


Innate Abilities, Weirdness & Mutations

You are amphibious.
You cover ground slowly.
You can hop short distances.
You have an extended range of vision and can be seen from far away.


Message History

The slime creature hits your warg!
Your warg bites the slime creature.
Two slime creatures merge to form a large slime creature.
Casting: Call Canine Familiar (safe; 1% risk of failure)
Confirm with . or Enter, or press ? or * to list all spells.
A beastly little devil appears in a puff of frigid air.
Your warg bites the large slime creature!
The large slime creature hits your warg!!
Your warg dies!
Your warg's corpse disappears in a puff of smoke!
The large slime creature quivers.
The slime creature barely misses you.
Two slime creatures merge to form a large slime creature.
The large slime creature completely misses you.
The large slime creature closely misses you.
The slime creature misses you. The slime creature hits you.
* * * LOW HITPOINT WARNING * * *
The slime creature completely misses you.
There is a stone staircase leading up here.
The slime creature hits you!
* * * LOW HITPOINT WARNING * * *
The slime creature completely misses you.
You climb upwards.
Level annotation: 3 runed translucent doors, 1 exclusion, Ijustatesigmund's ghost, novice GnDe
There is a stone staircase leading down, spattered with blood here.
The slime creature misses you.
The slime creature hits you but does no damage.
You climb downwards.
There is a stone staircase leading up, spattered with blood here.
Two slime creatures merge to form a large slime creature.
Things that are here:
a +0 leather armour; a +0 club The large slime creature hits you.
* * * LOW HITPOINT WARNING * * *
Casting: Call Imp (safe; 1% risk of failure)
Confirm with . or Enter, or press ? or * to list all spells.
The large slime creature hits you!
You die...
Your body rises from the dead as a mindless zombie.

#J#. #...
##############.
#..............
#+######[.#######
#.#.#.....#
#[..'.##..#
#.#########..J..#
#.....@Jh.####<##
########.....[.#
#.......#
#########


You could see a large slime creature (ally target) and a friendly warg
(summoned).

Vanquished Creatures
  Sigmund (D:2)
  A spriggan (D:7)
  Eustachio (D:5)
  A steam dragon (D:7)
  A water moccasin (D:6)
  A black bear (D:6)
  An orc warrior (D:7)
  A necrophage (D:5)
  3 ogres
  2 centaurs
  2 kobold brigands
  2 jellies
  A bullfrog zombie (D:6)
  4 hounds
  An iguana (D:7)
  Natasha (twice) (D:3)
  Robin (D:2)
  A howler monkey zombie (D:7)
  4 adders
  8 orcs
  4 ball pythons
  An endoplasm (D:2)
  A giant cockroach (D:2)
  3 goblins (D:2)
  3 hobgoblins
  7 jackals
  4 kobolds
  3 quokkas
  2 bats
  A frilled lizard (D:3)
  5 rats
73 creatures vanquished.

Vanquished Creatures (collateral kills)
  A two-headed ogre (D:8)
  An ugly thing (D:7)
  2 slime creatures (D:8)
  A hornet (D:8)
  A wraith (D:7)
  An orc warrior (D:6)
  An ice beast (D:6)
  Blork the orc (D:5)
  A phantom (D:7)
  A jelly (D:6)
  3 wights
  A bullfrog skeleton (D:6)
  A centaur skeleton (D:6)
  Jessica (D:2)
  An orc wizard (D:7)
  Natasha (D:3)
  A howler monkey zombie (D:8)
  A howler monkey skeleton (D:4)
  A gnoll (D:1)
  3 adders
  6 orcs
  2 endoplasms (D:1)
  2 giant cockroaches
  7 goblins
  3 hobgoblins (D:2)
  2 quokkas (D:2)
  2 ball pythons
  3 bats
  2 frilled lizards (D:1)
  4 kobolds
  2 rats (D:1)
60 creatures vanquished.

Vanquished Creatures (others)
  A human (D:6)
  A hornet zombie (D:8)
  A bat zombie (D:2)
  A black bear zombie (D:6)
  3 adder zombies
  2 hound zombies
  A jackal zombie (D:5)
  A kobold zombie (D:2)
  An ogre zombie (D:5)
  2 orc zombies (D:6)
  A quokka zombie (D:2)
  2 plants (D:4)
17 creatures vanquished.

Grand Total: 150 creatures vanquished

Notes
Turn   | Place    | Note
-------+----------+-------------------------------------------
     0 | D:1      | Astera the Barachi Summoner began the quest for the Orb.
     0 | D:1      | Reached XP level 1. HP: 13/13 MP: 3/3
    68 | D:1      | Reached skill level 5 in Summonings
   161 | D:1      | Found a faded altar of an unknown god.
   184 | D:1      | Prayed at the altar of an unknown god.
   184 | D:1      | Became a worshipper of Yredelemnul the Dark
   184 | D:1      | Reached * piety under Yredelemnul
   629 | D:1      | Reached XP level 2. HP: 14/19 MP: 1/5
  1466 | D:1      | Reached XP level 3. HP: 24/24 MP: 6/6
  1727 | D:2      | You fall into a shaft and drop 1 floor!
  1808 | D:3      | Noticed a kobold brigand
  1840 | D:3      | Killed a kobold brigand
  1841 | D:3      | Reached skill level 1 in Armour
  1841 | D:3      | Reached skill level 6 in Summonings
  1841 | D:3      | Reached XP level 4. HP: 11/31 MP: 2/8
  2138 | D:3      | Reached XP level 5. HP: 31/36 MP: 9/9
  2250 | D:3      | Noticed Natasha
  2255 | D:3      | Killed Natasha
  2256 | D:3      | Reached skill level 1 in Fighting
  2391 | D:2      | Noticed Robin
  2397 | D:2      | Reached ** piety under Yredelemnul
  2398 | D:2      | Reached skill level 1 in Invocations
  2534 | D:2      | Killed Robin
  2747 | D:2      | Noticed Jessica
  2755 | D:2      | Killed Jessica
  2965 | D:2      | Noticed Sigmund
  2976 | D:2      | Killed Sigmund
  2977 | D:2      | Reached XP level 6. HP: 28/43 MP: 9/11
  3632 | D:3      | Found a shimmering altar of Xom.
  3944 | D:3      | Noticed Natasha
  3953 | D:3      | Killed Natasha
  4132 | D:3      | Noticed Natasha
  4141 | D:3      | Killed Natasha
  4249 | D:4      | Reached XP level 7. HP: 45/48 MP: 10/13
  4422 | D:4      | Found a staircase to the Ecumenical Temple.
  4469 | D:4      | Found a transporter.
  4484 | D:4      | Found a transporter.
  4487 | D:4      | Noticed Sikaos's ghost (weakling OgHu)
  4487 | D:4      | Identified the +7 great mace "Hineopp" {pain, rF- rN++
                  | Dex+8 Stlth-}
  4848 | D:5      | Entered Level 5 of the Dungeon
  4980 | D:5      | Reached skill level 7 in Summonings
  5013 | D:5      | Noticed Blork the orc
  5072 | D:5      | Reached XP level 8. HP: 20/55 MP: 12/14
  5113 | D:5      | Killed Blork the orc
  5361 | D:5      | Noticed Eustachio
  5467 | D:5      | Killed Eustachio
  5500 | D:5      | Learned a level 2 spell: Call Imp
  5504 | D:5      | Learned a level 3 spell: Call Canine Familiar
  5615 | D:5      | Found a shadowy altar of Dithmenos.
  5618 | D:5      | Found a basalt altar of Yredelemnul.
  5619 | D:5      | Found a radiant altar of Vehumet.
  5619 | D:5      | Found a burning altar of Makhleb.
  5907 | D:6      | Reached skill level 5 in Spellcasting
  6807 | D:6      | Reached skill level 8 in Summonings
  7084 | D:6      | Found an ancient bone altar of Kikubaaqudgha.
  7179 | D:6      | Reached XP level 9. HP: 61/62 MP: 1/18
  8842 | D:7      | Reached skill level 5 in Dodging
  9225 | D:7      | Reached skill level 9 in Summonings
  9566 | D:7      | Found a runed translucent gate.
  9566 | D:7      | Found a runed translucent gate.
  9566 | D:7      | Noticed Ijustatesigmund's ghost (novice GnDe)
  9567 | D:7      | Found a runed translucent gate.
  9930 | D:7      | Noticed a green ugly thing
  9966 | D:7      | Killed a green ugly thing
 10469 | D:8      | Noticed a two-headed ogre
 11045 | D:8      | Noticed a hornet
 11066 | D:8      | Paralysed by a hornet for 3 turns
 11069 | D:8      | Killed a hornet
 11070 | D:8      | Reached skill level 5 in Armour
 11070 | D:8      | Reached XP level 10. HP: 32/70 MP: 13/22
 11329 | D:8      | Killed a two-headed ogre
 11330 | D:8      | Reached skill level 10 in Summonings
 11403 | D:8      | Slain by a large slime creature

Illustrated notes

Levels and vault maps discovered:
D:1:      dpeg_arrival_round_a, layout_basic, ebering_ecumenical_altar_rust
D:2:      layout_basic, uniq_jessica, uniq_sigmund, uniq_robin
D:3:      layout_basic, lemuel_tele_altar, uniq_natasha
D:4:      layout_cave_pools, temple_statues, gammafunk_ghost_smash,
          serial_column_ruins, column_ruins_hut, column_ruins_hut_pillars,
          column_ruins_grid_3, column_ruins_open_medium,
          column_ruins_columns_straight, column_ruins_open_tiny,
          column_ruins_grid_4, saegor_snake_ambush
D:5:      layout_rooms, minitemple, uniq_eustachio, uniq_blork_the_orc
D:6:      layout_basic, tgw_kikubaaqudgha
D:7:      layout_loops_ring, ebering_ghost_rock_garden, eino_tiny_chamber,
          minmay_crystal_water
D:8:      layout_loops_cross, mainiacjoe_overflow_alcove_1,
          minmay_misc_feat_chi, the_hattery

Skill      XL: |  1  2  3  4  5  6  7  8  9 10 |
---------------+-------------------------------+-----
Summonings     | 5 6 7 8 9 10 | 10.6
Armour         | 1 2 3 4 5 |  5.3
Spellcasting   | 3 4 6 8 |  8.8
Stealth        | 2 3 4 |  4.2
Fighting       | 1 2 3 |  3.6
Invocations    | 1 2 3 |  3.5
Dodging        | 3 4 5 |  5.5

Action                   |  1- 3 |  4- 6 |  7- 9 | 10-12 || total
-------------------------+-------+-------+-------+-------++-------
Melee: Dagger            |    38 |    79 |   229 |     7 ||   353
 Cast: Summon Small Mamm |    37 |    20 |    74 |     1 ||   132
       Call Imp          |       |       |    41 |     3 ||    44
       Call Canine Famil |       |       |    14 |     5 ||    19
Invok: Animate Remains   |     8 |    17 |    17 |     1 ||    43
  Use: Scroll            |       |       |     5 |       ||     5
 Stab: Sleeping          |     1 |     3 |     5 |       ||     9
Armor: Leather armour    |     7 |    12 |   115 |     3 ||   137
Dodge: Dodged            |    40 |    55 |   271 |     8 ||   374

Table legend: (Time is in decaauts)
 A = Elapsed time spent in this place.
 B = Non-inter-level travel time spent in this place.
 C = Inter-level travel time spent in this place.
 D = Time resting spent in this place.
 E = Time spent auto-exploring this place.
 F = Levels seen in this place.
 G = Mean time per level.
                   A        B        C        D        E       F      G
               +--------+--------+--------+--------+--------+-----+--------+
         Total |  12595 |  12093 |    502 |   2781 |   4934 |   8 | 1574.4 |
       Dungeon |  12595 |  12093 |    502 |   2781 |   4934 |   8 | 1574.4 |
               +--------+--------+--------+--------+--------+-----+--------+

Top non-repeatable levels by time:
     D:7: 3055 daAuts
     D:6: 2308 daAuts
     D:1: 1722 daAuts
     D:2: 1604 daAuts
     D:3: 1409 daAuts
     D:5: 1232 daAuts
     D:4: 742 daAuts
     D:8: 521 daAuts
